 Dungeon Crawl Stone Soup version 0.30-a0-1016-gfb0d676c02 (webtiles) character file.

Game seed: 494497370785885449

20 DeathPants the Firebug (level 2, 0/21 HPs)
             Began as a Demonspawn Fire Elementalist on Apr 6, 2023.
             Slain by an orc wizard
             ... wielding a +0 dagger
              (1 damage)
             ... on level 2 of the Dungeon.
             The game lasted 00:03:21 (1181 turns).

DeathPants the Firebug (DsFE)                       Turns: 1181, Time: 00:03:21

Health: 0/21       AC:  2    Str:  8    XL:     2   Next: 58%
Magic:  1/5        EV: 14    Int: 16    God:
Gold:   47         SH:  0    Dex: 13    Spells: 4/5 levels left

rFire   . . .      SeeInvis .    g - +0 dagger
rCold   . . .      Faith    .    (no shield)
rNeg    . . .      Spirit   .    a - +0 robe
rPois   .          Reflect  .    (no helmet)
rElec   .          Rampage  .    (no cloak)
rCorr   .                        (no gloves)
Will    .....                    (no boots)
Stlth   ++                       (no amulet)
HPRegen 0.23/turn                (no ring)
MPRegen 0.09/turn                (no ring)

@: brilliant
A: repulsion field 1
a: no special abilities


You were on level 2 of the Dungeon.
You visited 1 branch of the dungeon, and saw 3 of its levels.

You collected 47 gold pieces.

Inventory:

Hand Weapons
 g - a +0 dagger (weapon)
Missiles
 f - 6 curare-tipped darts
Armour
 a - a +0 robe (worn)
Jewellery
 e - a ring of positive energy
Scrolls
 c - a scroll of noise {unknown}
 h - a scroll of enchant armour {unknown}
 i - a scroll of fog {unknown}
 k - a scroll of enchant weapon {unknown}
 m - a scroll of teleportation {unknown}
Potions
 b - a potion of magic
 j - a potion of mutation {unknown}
 l - a potion of curing {unknown}


   Skills:
 + Level 1.0 Fighting
 - Level 1.7 Dodging
 - Level 1.7 Stealth
 + Level 2.2 Spellcasting
 + Level 1.5 Conjurations
 + Level 2.9 Fire Magic


You had 4 spell levels left.
You knew the following spells:

 Your Spells              Type           Power      Damage    Failure   Level
a - Foxfire               Conj/Fire      52%        2x1d6     8%          1

Your spell library contained the following spells:

 Spells                   Type           Power      Damage    Failure   Level
 Scorch                   Fire           32%        2d6       9%          2
 Inner Flame              Hex/Fire       9%         N/A       32%         3
 Volatile Blastmotes      Fire/Tloc      18%        2d11      32%         3
 Flame Wave               Conj/Fire      13%        2d6       61%         4
 Petrify                  Tmut/Erth      2%         N/A       90%         4
 Metabolic Englaciation   Hex/Ice        1%         N/A       99%         5
 Statue Form              Tmut/Erth      1%         N/A       100%        6


Dungeon Overview and Level Annotations

Branches:
Dungeon (3/15)

Altars:


Innate Abilities, Weirdness & Mutations

You are surrounded by a mild repulsion field. (EV +2)


Message History

* * * LOW HITPOINT WARNING * * *
The ball python closely misses you. The ball python constricts you.
The ball python's grasp on you weakens, but your attempt to escape fails.
You feel less confused. The ball python closely misses you.
The ball python constricts you.
* * * LOW HITPOINT WARNING * * *
The orc wizard casts a spell at you.
You are confused.
You escape the ball python's grasp.
The ball python attacks as you move away!
The ball python bites you but does no damage.
The ball python barely misses you.
The orc wizard attacks as you move away!
The orc wizard misses you. The ball python misses you.
The ball python grabs you. The ball python constricts you.
You miss the ball python. The orc wizard barely misses you.
The ball python closely misses you. The ball python constricts you.
* * * LOW HITPOINT WARNING * * *
You bump into the rock wall.
You feel less confused.
The orc wizard hits you but does no damage.
The ball python closely misses you. The ball python constricts you.
Casting: Foxfire (safe; 9% risk of failure)
Press: ? - help, Q - select action, (/) - cycle Dir - look around, f - activate You feel a surge of power!
You conjure some foxfire!
The orc wizard misses you. The ball python bites you.
* * * LOW HITPOINT WARNING * * *
The ball python constricts you.
You barely miss the ball python.
The foxfire hits the ball python.
You kill the ball python!
The foxfire hits the orc wizard.
The orc wizard is severely wounded.
The orc wizard hits you but does no damage.
Your Fighting skill increases to level 1!
Casting: Foxfire (safe; 8% risk of failure)
Press: ? - help, Q - select action, (/) - cycle Dir - look around, f - activate You feel a surge of power!
You conjure some foxfire!
The orc wizard hits you with a +0 dagger.
You die...

.............###.#..#
....###)###.## #....#
......>.# #.# #....#
....##### #.# ##...##
..### #.# #.....# ..#
#.# #.....# .## #.#
#.....# .#
#.####vo.##
.#########...# #@.##
...<.........# #.v#
.#########...# #!.#
.# #......####..#
.#####............#
..............###.#
#####...........>.#
##........###.#
##.#....##


You could see an orc wizard (ally target).

Vanquished Creatures
  A dart slug (D:1)
  An orc (D:2)
  3 ball pythons
  An endoplasm (D:1)
  A goblin (D:1)
  2 hobgoblins
  3 bats (D:1)
  3 kobolds
  A rat (D:1)
16 creatures vanquished.

Vanquished Creatures (others)
  35 foxfires
35 creatures vanquished.

Grand Total: 51 creatures vanquished

Notes
Turn   | Place    | Note
-------+----------+-------------------------------------------
     0 | D:1      | DeathPants the Demonspawn Fire Elementalist began the quest
                  | for the Orb.
     0 | D:1      | Reached XP level 1. HP: 13/13 MP: 3/3
   408 | D:1      | Gained mutation: You are surrounded by a mild repulsion
                  | field. (EV +2) [demonic ancestry]
   408 | D:1      | Reached XP level 2. HP: 20/20 MP: 0/5
  1172 | D:2      | HP: 1/20 [constriction (1)]
  1177 | D:2      | HP: 1/20 [constriction (1)]
  1181 | D:2      | Reached skill level 1 in Fighting
  1181 | D:2      | Slain by an orc wizard

Illustrated notes

Levels and vault maps discovered:
D:1:      ncdulo_halloftheorcs, layout_basic
D:2:      layout_loops_ring, basic_altar, due_unseen_surprise, uniq_terence
D:3:      layout_rooms, grunt_dithmenos_smoke, grunt_ministairs_15

Skill      XL: |  1  2 |
---------------+-------+-----
Fighting       | 1 |  1.0
Dodging        | |  1.7
Stealth        | |  1.7
Spellcasting   | |  2.2
Conjurations   | |  1.5
Fire Magic     | |  2.9

Action                     || total
---------------------------++-------
  Melee: Dagger            ||    11
   Cast: Foxfire           ||    24
    Use: Potion            ||     1
 Armour: Robe              ||     4
  Dodge: Dodged            ||    29

Table legend: (Time is in decaauts)
 A = Elapsed time spent in this place.
 B = Non-inter-level travel time spent in this place.
 C = Inter-level travel time spent in this place.
 D = Time resting spent in this place.
 E = Time spent auto-exploring this place.
 F = Levels seen in this place.
 G = Mean time per level.
                   A        B        C        D        E       F      G
               +--------+--------+--------+--------+--------+-----+--------+
         Total |   1180 |   1117 |     63 |    143 |    765 |   3 |  393.3 |
       Dungeon |   1180 |   1117 |     63 |    143 |    765 |   3 |  393.3 |
               +--------+--------+--------+--------+--------+-----+--------+

Top non-repeatable levels by time:
     D:1: 957 daAuts
     D:2: 212 daAuts
     D:3: 10 daAuts
